 Dungeon Crawl Stone Soup version 0.28.0-53-g5a82cb258f (webtiles) character file.

Game seed: 3818424918427937260

14651 MisterFreud the Covert (level 12, -3/97 HPs)
             Began as a Gnoll Delver on June 28, 2022.
             Was an Elder of Ru.
             Slain by a tentacled starspawn (21 damage)
             ... on level 1 of the Abyss.
             The game lasted 00:22:47 (13379 turns).

MisterFreud the Covert (Gnoll Delver)              Turns: 13379, Time: 00:22:47

Health: -3/97      AC: 14    Str: 13    XL:     12   Next: 18%
Magic:  0/20       EV: 16    Int: 11    God:    Ru [****..]
Gold:   578        SH:  0    Dex: 13    Spells: 25/25 levels left

rFire   + . .      SeeInvis .   k - +8 rapier of Berhivve {pain, rF+ rN+ Int-3}
rCold   + . .      Faith    .   (no shield)
rNeg    + . .      Spirit   +   r - +1 scale mail of Fedwir {rPois rC+ Int+2}
rPois   +          Reflect  .   h - +2 helmet
rElec   .          Harm     .   D - +0 cloak
rCorr   .          Rampage  .   (no gloves)
Will    .....                   L - +0 pair of boots
Stlth   +++.......              x - amulet of guardian spirit
HPRegen 0.26/turn               w - ring "Oqoaw" {+Blink rPois EV+4 Slay+3}
MPRegen 0.17/turn               (no ring)

@: about to teleport
A: fangs 1, dopey 1, low MP 1, inability to use devices, hated by all, strong
nose, distributed training
a: Renounce Religion, Draw Out Power, Power Leap


You were on level 1 of the Abyss.
You worshipped Ru.
Ru was greatly pleased with you.
You visited 2 branches of the dungeon, and saw 13 of its levels.
You visited the Abyss 1 time.
You also visited: Sewer and Bailey.

You collected 710 gold pieces.
You spent 132 gold pieces at shops.

Inventory:

Hand Weapons
 a - a +1 short sword
 k - the +8 rapier of Berhivve (weapon) {pain, rF+ rN+ Int-3}
   (You found it on level 9 of the Dungeon)

   In the hands of one skilled in necromantic magic, it inflicts extra damage on
   living creatures.
   Int:       It affects your intelligence (-3).
   rF:        It protects you from fire.
   rN:        It protects you from negative energy.
 s - the +6 dagger "Goaditet" {drain, rC+ Str+2 Int-2}
   (You found it on level 2 of the Dungeon)

   A truly terrible weapon, it drains the life of any living foe it strikes.
   Str:       It affects your strength (+2).
   Int:       It affects your intelligence (-2).
   rC:        It protects you from cold.
 I - a +2 scimitar of freezing
Missiles
 u - 17 poisoned darts (quivered)
 C - 4 javelins
 K - 7 curare-tipped darts
Armour
 b - a +0 leather armour
 h - a +2 helmet (worn)
 r - the +1 scale mail of Fedwir (worn) {rPois rC+ Int+2}
   (You found it on level 2 of the Dungeon)

   Int:       It affects your intelligence (+2).
   rC:        It protects you from cold.
   rPois:     It protects you from poison.
 D - a +0 cloak (worn)
 L - a +0 pair of boots (worn)
Jewellery
 p - a ring of flight
 w - the ring "Oqoaw" (left hand) {+Blink rPois EV+4 Slay+3}
   (You found it on level 1 of the Lair of Beasts)

   [ring of evasion]

   EV:        It affects your evasion (+4).
   Slay:      It affects your accuracy & damage with ranged weapons and melee
   (+3).
   rPois:     It protects you from poison.
   +Blink:    It lets you blink.
 x - an amulet of guardian spirit (around neck)
Scrolls
 c - 4 scrolls of fog
 d - a scroll of magic mapping
 e - 5 scrolls of fear
 f - a scroll of amnesia
 j - 4 scrolls of enchant weapon
 o - a scroll of silence
 v - 2 scrolls of teleportation
 A - a scroll of brand weapon
Potions
 g - a potion of cancellation {unknown}
 i - a potion of heal wounds
 l - 4 potions of mutation
 m - 3 potions of might
 n - 3 potions of lignification
 q - 3 potions of resistance
 t - 5 potions of degeneration
 z - 4 potions of curing
 F - a potion of magic
 G - a potion of flight


   Skills:
 + Level 9.7 Fighting
 + Level 8.5 Short Blades
 + Level 7.0 Long Blades
 + Level 7.0 Axes
 + Level 7.0 Maces & Flails
 + Level 7.0 Polearms
 + Level 7.0 Staves
 + Level 7.0 Slings
 + Level 7.0 Bows
 + Level 7.0 Crossbows
 + Level 7.0 Throwing
 + Level 7.0 Armour
 + Level 8.5 Dodging
 + Level 11.8 Stealth
 + Level 7.0 Shields
 + Level 7.0 Unarmed Combat
 + Level 7.0 Spellcasting
 + Level 5.8 Conjurations
 + Level 5.8 Hexes
   Level 0.0 Summonings
 + Level 5.8 Necromancy
 + Level 5.8 Translocations
 + Level 5.8 Transmutations
 + Level 5.8 Fire Magic
 + Level 5.8 Ice Magic
 + Level 5.8 Air Magic
 + Level 5.8 Earth Magic
 + Level 5.8 Poison Magic
 + Level 7.7 Invocations
   Level 0.0 Evocations


You had 25 spell levels left.
You didn't know any spells.
Your spell library contained the following spells:

 Spells                   Type           Power      Damage    Failure   Level
 Magic Dart               Conj           64%        1d6       6%          1
 Slow                     Hex            64%        N/A       6%          1
 Confusing Touch          Hex            16%        N/A       19%         3
 Mephitic Cloud           Conj/Pois/Air  16%        N/A       19%         3
 Vampiric Draining        Necr           16%        2d7       19%         3
 Storm Form               Tmut/Air       8%         N/A       100%        7
 Maxwell's Capacitive Co  Air            8%         ∞         100%        8
 Call Imp                 Summ           Unusable   N/A       N/A         2
 Summon Lightning Spire   Summ/Air       Unusable   N/A       N/A         4

Dungeon Overview and Level Annotations

Branches:
Dungeon (11/15)            Temple (0/1) D:4            Lair (2/6) D:11
    Orc (0/2) D:11          Sewer (visited)          Bailey (visited)
  Swamp: Lair:2-4    Shoals: Lair:2-4     Snake: Lair:2-4    Spider: Lair:2-4

Altars:
Gozag
Okawaru
Ru
Xom

Shops:
D:3 [   D:5 *!   D:9 *

Annotations:
Lair:2 Sonja


Innate Abilities, Weirdness & Mutations

You have very sharp teeth.
You are dopey. (Int -2)
Your magical capacity is low. (-10% MP)
You cannot study or use magical devices.
You are hated by all.
Your uncanny sense of smell can sniff out nearby items.
Your experience applies equally to all skills.


Message History

The small abomination is heavily damaged.
A tentacle flies out from the starspawn's body!
The small abomination completely misses you.
A starspawn tentacle comes into view.
You puncture the small abomination!
You destroy the small abomination!
That felt strangely unrewarding.
A chorus of shrieks assaults your mind.
* * * LOW HITPOINT WARNING * * *
A starspawn tentacle comes into view.
As you read the scroll of teleportation, it crumbles to dust.
You feel strangely unstable.
You feel the power of the Abyss delaying your translocation!
You feel much better. A chorus of shrieks assaults your mind.
A tentacle flies out from the starspawn's body!
A starspawn tentacle comes into view.
You hit the starspawn tentacle.
You bite the starspawn tentacle, but do no damage.
The starspawn tentacle is lightly damaged.
The starcursed mass touches you.
Unknown command.
You puncture the starspawn tentacle!
The starspawn tentacle is moderately damaged.
Unknown command.
You puncture the tentacled starspawn!
Your bite misses the tentacled starspawn.
The tentacled starspawn is lightly damaged.
The starcursed mass touches you.
Unknown command.
You hit the tentacled starspawn.
The tentacled starspawn is moderately damaged.
The starcursed mass touches you. The tentacled starspawn bites you!
* * * LOW HITPOINT WARNING * * *
The tentacled starspawn tentacle-slaps you but does no damage.
Unknown command.
You hit the tentacled starspawn.
The tentacled starspawn is moderately damaged.
The starcursed mass closely misses you. The tentacled starspawn bites you!!
You die...

# #####
..#. . #
.# . .
#..#... .
# ..#####
.#.. .# #
#..#wX.#
.# . # ..
#.XXwX@#
. .. #
#.X#####.
...# ...
#..# .. .
.. .#..#
#.X#
....# #'#
. ..#
#######.
. .# . #
....
...#.


'XX .. #.... .. .#X #§§ §.# ####....# # # #.XX . #X. . # .. ## . You could see 4
starcursed masses, a tentacled starspawn and 2 starspawn tentacles.

Vanquished Creatures
  A deep elf demonologist (Abyss:1)
  2 hydras (Lair:1)
  2 two-headed ogres (D:11)
  Pikel (D:9)
  An elephant (D:11)
  2 black mambas
  A cane toad (Lair:1)
  A kobold demonologist (D:10)
  2 komodo dragons
  A freezing wraith (D:10)
  3 trolls
  A hornet (D:7)
  4 blink frogs (Lair:1)
  Grinder (D:6)
  Prince Ribbit (D:6)
  Sigmund (D:6)
  A wyvern (D:11)
  8 humans
  8 yaks
  2 basilisks
  2 vampire mosquitoes (D:11)
  3 wargs (D:11)
  5 water moccasins
  6 orc warriors
  An ice beast (D:5)
  2 sky beasts
  3 black bears
  An ogre (D:4)
  3 necrophages
  3 centaurs
  4 lemures (D:9)
  2 elf zombies (D:5)
  5 bullfrogs
  A gnoll sergeant (D:5)
  5 scorpions
  An elf skeleton (D:5)
  9 killer bees (D:9)
  4 wights (D:8)
  3 howler monkeys
  A small abomination (Abyss:1)
  A centaur zombie (D:9)
  A bullfrog zombie (D:6)
  A human zombie (D:5)
  3 hounds
  A jelly (D:5)
  Crazy Yiuf (D:5)
  A bullfrog skeleton (D:3)
  A centaur skeleton (D:4)
  4 orc priests
  An iguana (D:7)
  4 orc wizards
  3 adders
  6 gnolls
  A river rat (D:3)
  2 shadow imps
  3 white imps
  An ufetubus (D:4)
  4 worms
  3 dart slugs
  33 orcs
  6 bats
  3 endoplasms
  A giant cockroach (D:1)
  10 goblins
  10 hobgoblins
  5 jackals
  A quokka (D:3)
  6 ball pythons
  6 frilled lizards
  7 kobolds
  An orc skeleton (D:5)
  An orc zombie (D:5)
  4 rats
244 creatures vanquished.

Vanquished Creatures (others)
  A wyvern (Lair:1)
  An orc wizard (D:8)
  17 plants
  A starspawn tentacle (Abyss:1)
20 creatures vanquished.

Grand Total: 264 creatures vanquished

Notes
Turn   | Place    | Note
-------+----------+-------------------------------------------
     0 | D:5      | Reached skill level 9 in Stealth
     0 | D:5      | MisterFreud the Gnoll Delver began the quest for the Orb.
     0 | D:5      | Reached XP level 1. HP: 23/23 MP: 1/1
    31 | D:5      | Noticed a scorpion
    51 | D:4      | Noticed a scorpion
    56 | D:4      | Killed a scorpion
    57 | D:4      | Reached skill level 1 in Long Blades
    57 | D:4      | Reached skill level 1 in Axes
    57 | D:4      | Reached skill level 1 in Maces & Flails
    57 | D:4      | Reached skill level 1 in Polearms
    57 | D:4      | Reached skill level 1 in Staves
    57 | D:4      | Reached skill level 1 in Slings
    57 | D:4      | Reached skill level 1 in Bows
    57 | D:4      | Reached skill level 1 in Crossbows
    57 | D:4      | Reached skill level 1 in Throwing
    57 | D:4      | Reached skill level 1 in Armour
    57 | D:4      | Reached skill level 1 in Shields
    57 | D:4      | Reached skill level 1 in Unarmed Combat
    57 | D:4      | Reached skill level 1 in Spellcasting
    57 | D:4      | Reached skill level 1 in Invocations
    57 | D:4      | Reached skill level 1 in Evocations
    57 | D:4      | Reached XP level 2. HP: 29/29 MP: 1/3
    57 | D:4      | Reached XP level 3. HP: 35/35 MP: 1/4
    57 | D:4      | Reached XP level 4. HP: 41/41 MP: 1/5
    68 | D:4      | Noticed an ogre
    70 | D:3      | Noticed a necrophage
   277 | D:3      | Reached skill level 1 in Conjurations
   277 | D:3      | Reached skill level 1 in Hexes
   277 | D:3      | Reached skill level 1 in Summonings
   277 | D:3      | Reached skill level 1 in Necromancy
   277 | D:3      | Reached skill level 1 in Translocations
   277 | D:3      | Reached skill level 1 in Transmutations
   277 | D:3      | Reached skill level 1 in Fire Magic
   277 | D:3      | Reached skill level 1 in Ice Magic
   277 | D:3      | Reached skill level 1 in Air Magic
   277 | D:3      | Reached skill level 1 in Earth Magic
   277 | D:3      | Reached skill level 1 in Poison Magic
   325 | D:3      | Found a glowing drain.
   332 | Sewer    | Entered a sewer
   586 | D:3      | Found Ryfaffoe's Antique Armour Emporium.
  1000 | D:1      | Reached XP level 5. HP: 45/47 MP: 6/6
  1871 | D:1      | Found a faded altar of an unknown god.
  1874 | D:1      | Prayed at the altar of an unknown god.
  1874 | D:1      | Became a worshipper of Ru the Awakened
  1882 | D:1      | Gained mutation: You are hated by all. [Ru sacrifice]
  1882 | D:1      | Reached * piety under Ru
  2019 | D:2      | Identified the +1 scale mail of Fedwir {rPois rC+ Int+2}
  2130 | D:2      | Identified the +6 dagger "Goaditet" {drain, rC+ Str+2
                  | Int-2}
  2388 | D:2      | Found an opulent altar of Gozag.
  2723 | D:3      | Found a large runed translucent door.
  2876 | D:3      | Killed a necrophage
  2877 | D:3      | Reached XP level 6. HP: 40/53 MP: 8/8
  3047 | D:3      | Found a large runed translucent door.
  3047 | D:3      | Found a shimmering altar of Xom.
  3543 | D:4      | Reached skill level 5 in Short Blades
  3543 | D:4      | Reached skill level 5 in Dodging
  3726 | D:4      | Noticed an orc warrior
  3743 | D:3      | Killed an orc warrior
  3744 | D:3      | Reached XP level 7. HP: 56/60 MP: 7/10
  3823 | D:4      | Found a staircase to the Ecumenical Temple.
  4263 | D:5      | Found Byeng's Distillery.
  4279 | D:5      | Reached skill level 10 in Stealth
  4341 | D:5      | Reached XP level 8. HP: 65/67 MP: 9/12
  4449 | D:5      | Bought a potion of curing for 39 gold pieces
  4449 | D:5      | Bought a potion of heal wounds for 65 gold pieces
  4642 | D:5      | Gained mutation: You are dopey. (Int -2) [Ru sacrifice]
  4642 | D:5      | Reached ** piety under Ru
  4681 | D:5      | Found Xiprot's Mass Market.
  5365 | D:5      | Found a runed translucent door.
  5366 | D:5      | Noticed Crazy Yiuf
  5373 | D:5      | Killed Crazy Yiuf
  5544 | D:6      | Noticed Sigmund
  5560 | D:6      | Killed Sigmund
  5561 | D:6      | Reached XP level 9. HP: 60/73 MP: 12/14
  5712 | D:6      | Noticed Grinder
  5733 | D:6      | Paralysed by Grinder for 6 turns
  5755 | D:6      | Killed Grinder
  6014 | D:6      | Noticed Prince Ribbit
  6018 | D:6      | Killed Prince Ribbit
  6309 | D:7      | Found a flagged portal.
  6358 | Bailey   | Entered a bailey
  6637 | Bailey   | Reached skill level 5 in Invocations
  6804 | Bailey   | Noticed an orc knight
  6805 | Bailey   | Noticed an orc knight
  7160 | D:7      | Found an iron altar of Okawaru.
  7232 | D:7      | Reached XP level 10. HP: 48/80 MP: 10/17
  7432 | D:6      | Reached skill level 5 in Long Blades
  7432 | D:6      | Reached skill level 5 in Axes
  7432 | D:6      | Reached skill level 5 in Maces & Flails
  7432 | D:6      | Reached skill level 5 in Polearms
  7432 | D:6      | Reached skill level 5 in Staves
  7432 | D:6      | Reached skill level 5 in Slings
  7432 | D:6      | Reached skill level 5 in Bows
  7432 | D:6      | Reached skill level 5 in Crossbows
  7432 | D:6      | Reached skill level 5 in Throwing
  7432 | D:6      | Reached skill level 5 in Armour
  7432 | D:6      | Reached skill level 5 in Shields
  7432 | D:6      | Reached skill level 5 in Unarmed Combat
  7432 | D:6      | Reached skill level 5 in Spellcasting
  7432 | D:6      | Reached skill level 5 in Evocations
  7765 | D:7      | Reached skill level 11 in Stealth
  7773 | D:7      | Identified the +6 hunting sling of Checks and Balances
                  | {flame, Str+5}
  8409 | D:8      | Gained mutation: You cannot study or use magical devices.
                  | [Ru sacrifice]
  8409 | D:8      | Reached *** piety under Ru
  8409 | D:8      | Reached **** piety under Ru
  9163 | D:9      | Found Taal's Assorted Antiques.
  9171 | D:9      | Bought a scroll labelled ODATRA QUSUO for 28 gold pieces
  9213 | D:9      | Identified the +8 rapier of Berhivve {pain, rF+ rN+ Int-3}
  9345 | D:9      | Reached XP level 11. HP: 66/87 MP: 15/19
  9525 | D:9      | Noticed Pikel
  9612 | D:9      | Killed Pikel
  9613 | D:9      | Reached skill level 5 in Conjurations
  9613 | D:9      | Reached skill level 5 in Hexes
  9613 | D:9      | Reached skill level 5 in Necromancy
  9613 | D:9      | Reached skill level 5 in Translocations
  9613 | D:9      | Reached skill level 5 in Transmutations
  9613 | D:9      | Reached skill level 5 in Fire Magic
  9613 | D:9      | Reached skill level 5 in Ice Magic
  9613 | D:9      | Reached skill level 5 in Air Magic
  9613 | D:9      | Reached skill level 5 in Earth Magic
  9613 | D:9      | Reached skill level 5 in Poison Magic
 10189 | D:10     | Entered Level 10 of the Dungeon
 10335 | D:10     | HP: 4/89 [freezing wraith (4)]
 10962 | D:10     | Gained mutation: Your magical capacity is low. (-10% MP)
                  | [Ru sacrifice]
 11229 | D:11     | Found a staircase to the Lair.
 11475 | D:11     | Found a staircase to the Orcish Mines.
 11517 | D:11     | Noticed a two-headed ogre
 11519 | D:11     | Noticed a two-headed ogre
 11522 | D:11     | Killed a two-headed ogre
 11547 | D:11     | Killed a two-headed ogre
 11885 | D:11     | Found an opulent altar of Gozag.
 12017 | Lair:1   | Entered Level 1 of the Lair of Beasts
 12072 | Lair:1   | Identified the ring "Oqoaw" {+Blink rPois EV+4 Slay+3}
 12750 | Lair:1   | Noticed a five-headed hydra
 12757 | Lair:1   | Killed a five-headed hydra
 12758 | Lair:1   | Reached XP level 12. HP: 96/96 MP: 20/20
 12962 | Lair:2   | Noticed an eight-headed hydra
 12964 | Lair:2   | Noticed a six-headed hydra
 12974 | Lair:1   | Killed an eight-headed hydra
 13213 | Lair:2   | Noticed Sonja
 13229 | Lair:2   | Cast into level 1 of the Abyss (Sonja)
 13333 | Abyss:1  | Noticed a deep elf demonologist
 13334 | Abyss:1  | Noticed a starcursed mass
 13338 | Abyss:1  | Noticed a soul eater
 13343 | Abyss:1  | Noticed a Hell Sentinel
 13343 | Abyss:1  | Killed a deep elf demonologist
 13362 | Abyss:1  | Noticed a tentacled starspawn
 13379 | Abyss:1  | Slain by a tentacled starspawn

Illustrated notes

Levels and vault maps discovered:
D:1:      psy_arrival_heroes, layout_basic,
          hellmonk_ecumenical_altar_inner_sanctum
D:2:      layout_basic, basic_altar
D:3:      due_chaos_kobolds, layout_basic, serial_shops, shop,
          gup_sewer_entry_bubbles, serial_corexii_hall,
          chequers_hall_statues_corner_a, chequers_hall_statues_y
D:4:      layout_cave_pools, minmay_temple_entry_wispy, item_on_display_a
D:5:      layout_rooms, serial_shops, shop, nicolae_ossuary_entry_catacombs,
          minmay_liquid_box, corexii_leaking_fountain, minmay_shop_mass,
          kennysheep_cross_room, grunt_ministairs_13, item_on_display_a,
          uniq_crazy_yiuf_cottage
D:6:      layout_rooms, uniq_prince_ribbit1, uniq_sigmund, uniq_grinder
D:7:      layout_rooms, okawaru_humans, enter_bailey_2, minmay_ruffians
D:8:      layout_gridville, serial_bayou_lake_a, uniq_psyche
D:9:      layout_long_grid, serial_shops, shop, uniq_pikel
D:10:     layout_irregular_city, nrook_uturn
D:11:     layout_cave_pools, david_lair_generic, minmay_orc_entry_guard_dogs,
          grunt_gozag_statues
Lair:1:   layout_long_grid, grunt_megastairs_3
Lair:2:   layout_cave_pods, serial_bayou_shore_a, uniq_sonja
Abyss:1:  base: D:12, hangedman_abyss_lost_library, bh_abyss_xom_lugonu_altar

Skill      XL: |  1  2  3  4  5  6  7  8  9 10 11 12 |
---------------+-------------------------------------+-----
Stealth        | 10 11 | 11.8
Long Blades    | 1 2 3 4 5 6 7 |  7.0
Axes           | 1 2 3 4 5 6 7 |  7.0
Maces & Flails | 1 2 3 4 5 6 7 |  7.0
Polearms       | 1 2 3 4 5 6 7 |  7.0
Staves         | 1 2 3 4 5 6 7 |  7.0
Slings         | 1 2 3 4 5 6 7 |  7.0
Bows           | 1 2 3 4 5 6 7 |  7.0
Crossbows      | 1 2 3 4 5 6 7 |  7.0
Throwing       | 1 2 3 4 5 6 7 |  7.0
Armour         | 1 2 3 4 5 6 7 |  7.0
Shields        | 1 2 3 4 5 6 7 |  7.0
Unarmed Combat | 1 2 3 4 5 6 7 |  7.0
Spellcasting   | 1 2 3 4 5 6 7 |  7.0
Invocations    | 1 2 3 4 5 6 7 |  7.7
Evocations     | 1 2 3 4 0 |  0.0
Conjurations   | 1 2 3 4 5 |  5.8
Hexes          | 1 2 3 4 5 |  5.8
Summonings     | 1 0 |  0.0
Necromancy     | 1 2 3 4 5 |  5.8
Translocations | 1 2 3 4 5 |  5.8
Transmutations | 1 2 3 4 5 |  5.8
Fire Magic     | 1 2 3 4 5 |  5.8
Ice Magic      | 1 2 3 4 5 |  5.8
Air Magic      | 1 2 3 4 5 |  5.8
Earth Magic    | 1 2 3 4 5 |  5.8
Poison Magic   | 1 2 3 4 5 |  5.8
Short Blades   | 5 6 7 8 |  8.5
Dodging        | 5 6 7 8 |  8.5
Fighting       | 7 8 9 |  9.7

Action                   |  1- 3 |  4- 6 |  7- 9 | 10-12 || total
-------------------------+-------+-------+-------+-------++-------
Melee: Short sword       |     1 |   198 |       |       ||   199
       Bite              |       |    27 |    48 |    64 ||   139
       Punch             |       |     3 |    12 |    22 ||    37
       Dagger            |       |    80 |   347 |   261 ||   688
       Unarmed           |       |       |    11 |       ||    11
       Rapier            |       |       |       |   230 ||   230
Invok: Sacrifice Love    |       |     1 |       |       ||     1
       Sacrifice Purity  |       |       |     1 |       ||     1
       Sacrifice Artific |       |       |       |     1 ||     1
       Sacrifice Essence |       |       |       |     1 ||     1
  Use: Scroll            |       |     4 |     1 |    16 ||    21
       Potion            |       |       |       |     5 ||     5
 Stab: Sleeping          |     1 |    18 |    12 |    14 ||    45
       Distracted        |       |     1 |       |     6 ||     7
       Invisible         |       |       |       |     5 ||     5
Armor: Leather armour    |       |    34 |       |       ||    34
       Scale mail        |       |    30 |    98 |   163 ||   291
Dodge: Dodged            |       |   128 |   122 |   248 ||   498
